 Dungeon Crawl Stone Soup version 0.27.1-35-g4d5d836560 (webtiles) character file.

Game seed: 4863984883967834300

5963 cbfl8 the Cleaver (level 10, -1/90 HPs)
             Began as a Minotaur Fighter on July 11, 2022.
             Was a Priest of Makhleb.
             Killed from afar by a tengu conjurer (18 damage)
             ... with a bolt of lightning
             ... led by a tengu conjurer
             ... on level 9 of the Dungeon.
             The game lasted 00:23:15 (13625 turns).

cbfl8 the Cleaver (Minotaur Fighter)               Turns: 13625, Time: 00:23:16

Health: -1/90      AC:  9    Str: 23    XL:     10   Next: 54%
Magic:  0/9        EV: 11    Int:  5    God:    Makhleb [***...]
Gold:   371        SH: 11    Dex: 11    Spells: 9/9 levels left

rFire    . . .     SeeInvis .   a - +1 war axe
rCold    . . .     Faith    .   c - +0 kite shield
rNeg     . . .     Spirit   +   A - +0 swamp dragon scales
rPois    +         Reflect  .   (helmet restricted)
rElec    .         Harm     .   (no cloak)
rCorr    .         Rampage  .   (no gloves)
Will     .....                  (no boots)
Stlth    +.........             F - amulet of guardian spirit
HPRegen  0.25/turn              k - +4 ring of slaying
MPRegen  0.11/turn              w - ring of poison resistance

@: no status effects
A: horns 2, retaliatory headbutt
a: Renounce Religion, Minor Destruction, Lesser Servant of Makhleb


You were on level 9 of the Dungeon.
You worshipped Makhleb.
Makhleb was most pleased with you.
You visited 2 branches of the dungeon, and saw 10 of its levels.

You collected 371 gold pieces.

Inventory:

Hand Weapons
 a - a +1 war axe (weapon)
 o - a +0 long sword of pain
 r - a +0 longbow
 E - a +1 vorpal hand axe
Missiles
 l - 8 javelins (quivered)
 B - 13 arrows
Armour
 c - a +0 kite shield (worn)
 y - a +0 chain mail
 A - +0 swamp dragon scales (worn)
Jewellery
 f - an amulet of magic regeneration
 k - a +4 ring of slaying (left hand)
 w - a ring of poison resistance (right hand)
 F - an amulet of guardian spirit (around neck)
Wands
 b - a wand of charming (7)
 s - a wand of polymorph (8)
 v - a wand of flame (20)
Scrolls
 d - 2 scrolls of magic mapping
 i - 2 scrolls of teleportation
 j - 2 scrolls of brand weapon {unknown}
 p - 2 scrolls of torment
 t - a scroll of vulnerability {unknown}
 u - a scroll of holy word {unknown}
 x - a scroll of silence {unknown}
 C - a scroll of noise {unknown}
 D - a scroll of enchant weapon
Potions
 e - a potion of berserk rage {unknown}
 g - a potion of lignification {unknown}
 h - a potion of resistance {unknown}
 m - 2 potions of brilliance
 n - a potion of magic {unknown}
 q - a potion of attraction {unknown}
 z - 2 potions of degeneration {unknown}


   Skills:
 + Level 8.4 Fighting
 + Level 11.5 Axes
 + Level 9.3 Armour
 + Level 5.5 Dodging
 + Level 1.5 Stealth
 + Level 8.6 Shields


You had 9 spell levels left.
You didn't know any spells.
Your spell library contained the following spells:

 Spells                   Type           Power      Damage    Failure   Level
 Freeze                   Ice            0%         1d3       87%         1
 Blink                    Tloc           N/A        N/A       95%         2
 Corpse Rot               Necr/Air       N/A        N/A       95%         2
 Poisonous Vapours        Pois/Air       0%         N/A       95%         2
 Frozen Ramparts          Ice            0%         1d2       99%         3
 Lesser Beckoning         Tloc           0%         N/A       99%         3
 Hailstorm                Conj/Ice       0%         3d3       100%        4
 Freezing Cloud           Conj/Ice/Air   0%         6-21      100%        5
 Manifold Assault         Tloc           0%         N/A       100%        5
 Summon Forest            Summ/Tloc      0%         N/A       100%        5
 Eringya's Noxious Bog    Tmut/Pois      0%         N/A       100%        6
 Summon Hydra             Summ           0%         N/A       100%        7


Dungeon Overview and Level Annotations

Branches:
Dungeon (9/15)             Temple (1/1) D:4            Lair (0/6) D:8
    Orc: D:9-12

Altars:
Ashenzari
Cheibriados
Dithmenos
Elyvilon
Fedhas
Gozag
Hepliaklqana
Kikubaaqudgha
Makhleb
Nemelex Xobeh
Okawaru
Qazlal
Ru
Sif Muna
Trog
Uskayaw
Vehumet
Wu Jian
Xom
Yredelemnul
Zin
The Shining One

Annotations:
D:4 1 runed translucent door, AverageBear's ghost, amateur DDFi
D:9 Maurice


Innate Abilities, Weirdness & Mutations

You have a pair of horns on your head.
You reflexively headbutt those who attack you in melee.


Message History

The tengu conjurer is lightly wounded.
You block the tengu conjurer's attack. x2
The tengu conjurer claws you but does no damage.
You slash the tengu conjurer!
Your headbutt misses the tengu conjurer.
The tengu conjurer is moderately wounded.
You block the tengu conjurer's attack. The tengu conjurer barely misses you.
The tengu conjurer claws you but does no damage.
You closely miss the tengu conjurer.
Your headbutt misses the tengu conjurer.
The tengu conjurer is moderately wounded.
The tengu conjurer hits you but does no damage.
The tengu conjurer pecks you.
The tengu conjurer claws you but does no damage.
You slash the tengu conjurer!
Your headbutt misses the tengu conjurer.
The tengu conjurer is severely wounded.
The tengu conjurer completely misses you.
The tengu conjurer barely misses you.
The tengu conjurer claws you but does no damage.
You barely miss the tengu conjurer.
The tengu conjurer is severely wounded.
The tengu conjurer mumbles some strange words.
The tengu conjurer blinks!
The battlesphere dissipates.
There is a stone staircase leading up here.
The tengu conjurer gestures at you while chanting.
The bolt of lightning hits you!!
The tengu conjurer points at you and mumbles some strange words.
The bolt of lightning hits you!!
* * * LOW HITPOINT WARNING * * *
The tengu conjurer gestures wildly while chanting.
The tengu conjurer conjures a globe of magical energy!
A battlesphere comes into view.
You block the tengu conjurer's attack.
The tengu conjurer pecks you but does no damage.
The tengu conjurer claws you but does no damage.
The tengu conjurer casts a spell at you.
The bolt of lightning hits you!!
You die...

.............Q....
#............#
..................
##.)#######.##
#............)...###...).#####.#
#...........(..##...##......).#
#............# #.####.......##
#...........####.## #.......#
#.#####..####.....# #.......#
#.)..)...[)*Q.....# #.......#
#############.@.<.# #########
#######


You could see a tengu conjurer and a battlesphere.

Vanquished Creatures
  Maggie (D:7)
  A tengu conjurer (D:9)
  A troll (D:9)
  Sigmund (D:5)
  9 yaks (D:8)
  A steam dragon (D:8)
  Eustachio (D:4)
  A water moccasin (D:8)
  3 orc warriors
  A sky beast (D:6)
  2 black bears
  A necrophage (D:5)
  An ogre (D:5)
  A centaur (D:7)
  3 kobold brigands
  6 bullfrogs
  3 scorpions
  2 gnoll sergeants
  A water moccasin skeleton (D:4)
  4 killer bees (D:9)
  7 wights
  6 howler monkeys
  A bullfrog zombie (D:5)
  3 centaur zombies (D:8)
  A centaur skeleton (D:6)
  6 orc priests
  3 jellies
  A bullfrog skeleton (D:5)
  3 iguanas
  A scorpion zombie (D:5)
  4 orc wizards
  A killer bee zombie (D:6)
  A howler monkey zombie (D:9)
  Robin (D:4)
  5 gnolls
  7 adders
  2 white imps
  An ufetubus (D:6)
  An adder skeleton (D:4)
  3 dart slugs
  28 orcs
  6 ball pythons
  3 bats
  11 endoplasms
  A giant cockroach (D:4)
  12 hobgoblins
  12 jackals
  7 quokkas
  3 frilled lizards
  16 goblins
  20 kobolds
  7 rats
228 creatures vanquished.

Vanquished Creatures (others)
  37 fungi (D:8)
  45 plants
82 creatures vanquished.

Grand Total: 310 creatures vanquished

Notes
Turn   | Place    | Note
-------+----------+-------------------------------------------
     0 | D:1      | cbfl8 the Minotaur Fighter began the quest for the Orb.
     0 | D:1      | Reached XP level 1. HP: 19/19 MP: 0/0
   161 | D:1      | Reached XP level 2. HP: 4/27 MP: 1/1
   648 | D:1      | Reached skill level 3 in Axes
   681 | D:1      | Reached XP level 3. HP: 23/33 MP: 2/2
   927 | D:1      | Found a faded altar of an unknown god.
  2305 | D:2      | Reached skill level 1 in Dodging
  2305 | D:2      | Reached XP level 4. HP: 40/40 MP: 3/3
  2492 | D:3      | You fall into a shaft and drop 3 floors!
  2527 | D:5      | Entered Level 5 of the Dungeon
  2542 | D:5      | Noticed a necrophage
  2553 | D:5      | Killed a necrophage
  2554 | D:5      | Reached skill level 4 in Axes
  2554 | D:5      | Reached XP level 5. HP: 42/47 MP: 4/4
  2599 | D:4      | Noticed Eustachio
  2656 | D:5      | Reached skill level 5 in Shields
  2859 | D:5      | Found a basalt altar of Yredelemnul.
  2864 | D:5      | Found a white marble altar of Elyvilon.
  2865 | D:5      | Found an iron altar of Okawaru.
  2891 | D:5      | Reached skill level 5 in Axes
  2891 | D:5      | Reached XP level 6. HP: 48/53 MP: 5/5
  3880 | D:4      | Noticed Robin
  3898 | D:4      | Killed Robin
  3995 | D:4      | Killed Eustachio
  3996 | D:4      | Reached skill level 5 in Fighting
  3996 | D:4      | Reached skill level 5 in Armour
  3996 | D:4      | Reached XP level 7. HP: 35/61 MP: 6/6
  4211 | D:4      | Found a staircase to the Ecumenical Temple.
  4222 | Temple   | Entered the Ecumenical Temple
  4234 | Temple   | Became a worshipper of Makhleb the Destroyer
  4439 | D:4      | Found a shimmering altar of Xom.
  4547 | D:4      | Reached skill level 6 in Axes
  4548 | D:4      | Noticed AverageBear's ghost (amateur DDFi)
  4872 | D:4      | Found a runed translucent door.
  6595 | D:5      | Reached skill level 7 in Axes
  6599 | D:5      | Reached * piety under Makhleb
  6848 | D:5      | Noticed Sigmund
  6861 | D:5      | Killed Sigmund
  6862 | D:5      | Reached XP level 8. HP: 21/70 MP: 7/7
  8445 | D:6      | Reached skill level 8 in Axes
  9381 | D:7      | Reached skill level 1 in Stealth
  9786 | D:7      | Reached skill level 9 in Axes
  9972 | D:7      | Reached XP level 9. HP: 53/78 MP: 8/8
 10140 | D:7      | Noticed Maggie
 10156 | D:7      | Killed Maggie
 11329 | D:8      | Reached ** piety under Makhleb
 11687 | D:9      | Reached skill level 10 in Axes
 11805 | D:9      | Noticed a troll
 11816 | D:9      | Killed a troll
 11981 | D:9      | Noticed a tengu conjurer
 11981 | D:9      | Noticed a tengu conjurer
 12006 | D:9      | Reached XP level 10. HP: 88/88 MP: 9/9
 12424 | D:9      | Noticed Maurice
 12555 | D:9      | Reached skill level 5 in Dodging
 12815 | D:8      | Found a staircase to the Lair.
 12984 | D:8      | Reached skill level 11 in Axes
 12984 | D:8      | Reached *** piety under Makhleb
 13625 | D:9      | Killed from afar by a tengu conjurer

Illustrated notes

Levels and vault maps discovered:
D:1:      tarquinn_simple_flora_water_a, layout_basic, basic_ecumenical_altar,
          st_stairs_5
D:2:      layout_loops_corners
D:3:      layout_basic
D:4:      layout_basic, nicolae_overflow_crystal_walls,
          minmay_temple_entry_junction, hellmonk_ghost_happy_afterlife,
          kennysheep_generic_room_2, uniq_robin, uniq_eustachio
D:5:      layout_basic, chequers_temple_overflow_statue_of_worship, uniq_sigmund
D:6:      layout_loops_cross
D:7:      layout_loops_cross, uniq_maggie
D:8:      layout_basic, due_lair_maze_entry_diamond, minmay_misc_feat_five
D:9:      layout_rooms, kennysheep_minor_cross, kennysheep_decorative_pillar,
          uniq_maurice
Temple:   compressed_dpeg_circular_temple

Skill      XL: |  1  2  3  4  5  6  7  8  9 10 |
---------------+-------------------------------+-----
Shields        | 4 5 6 7 8 |  8.6
Axes           | 3 4 5 7 9 10 11 | 11.5
Fighting       | 4 5 6 7 8 |  8.4
Armour         | 4 5 6 7 8 9 |  9.3
Dodging        | 1 2 4 5 |  5.5
Stealth        | 1 |  1.5

Action                   |  1- 3 |  4- 6 |  7- 9 | 10-12 || total
-------------------------+-------+-------+-------+-------++-------
Melee: War axe           |    97 |   122 |   299 |   100 ||   618
       Headbutt          |    16 |    13 |    68 |    27 ||   124
  Use: Potion            |     2 |     1 |     7 |       ||    10
       Scroll            |       |       |     9 |       ||     9
Armor: Scale mail        |    42 |    62 |    70 |       ||   174
       Chain mail        |       |       |     5 |       ||     5
       Swamp dragon scal |       |       |    35 |    19 ||    54
Dodge: Dodged            |    24 |    46 |   116 |    20 ||   206
Block: Kite shield       |    65 |    94 |   183 |    43 ||   385
